 Dungeon Crawl Stone Soup version 0.30-a0-800-g7c544603b3 (webtiles) character file.

Game seed: 2284408040674945103

10531 Firecrotchwizard the Fighter (level 11, -22/97 HPs)
             Began as a Red Draconian Conjurer on Feb 22, 2023.
             Was a Priest of Vehumet.
             Killed from afar by a gargoyle (24 damage)
             ... with a stone arrow
             ... on level 11 of the Dungeon.
             The game lasted 00:47:32 (13606 turns).

Firecrotchwizard the Fighter (DrCj)                Turns: 13606, Time: 00:47:32

Health: -22/97     AC: 12    Str: 10    XL:     11   Next: 37%
Magic:  8/21       EV: 14    Int: 22    God:    Vehumet [***...]
Gold:   526        SH:  0    Dex: 10    Spells: 11/24 levels left

rFire   + . .      SeeInvis .    b - +3 dagger (speed)
rCold   . . .      Faith    +    (no shield)
rNeg    . . .      Spirit   .    (body armour unavailable)
rPois   +          Reflect  .    (helmet restricted)
rElec   .          Harm     .    o - +0 cloak
rCorr   .          Rampage  .    (no gloves)
Will    .....                    (no boots)
Stlth   ++                       l - amulet of faith
HPRegen 0.36/turn                c - ring of poison resistance {rPois, !d}
MPRegen 0.17/turn                A - +4 ring of protection

@: short of breath
A: breathe fire, AC +7, unfitting armour, fire resistance 1, cold-blooded
a: Breathe Fire, Renounce Religion


You were on level 11 of the Dungeon.
You worshipped Vehumet.
Vehumet was most pleased with you.
You visited 2 branches of the dungeon, and saw 12 of its levels.

You collected 526 gold pieces.

Inventory:

Hand Weapons
 a - a +2 dagger of venom
   (You found it on level 6 of the Dungeon)
 b - a +3 dagger of speed (weapon)
   (You took it off a goblin on level 1 of the Dungeon)
 d - a +0 club of freezing
   (You took it off a goblin on level 1 of the Dungeon)
Missiles
 n - 20 poisoned darts
 q - 2 throwing nets {!d}
 s - 38 stones (quivered)
 C - 3 boomerangs
Armour
 o - a +0 cloak (worn)
   (You found it on level 4 of the Dungeon)
 t - a scarf of shadows
   (You found it on level 6 of the Dungeon)
Magical Staves
 w - a staff of cold {rC+}
   (You took it off a kobold brigand on level 7 of the Dungeon)
Jewellery
 c - a ring of poison resistance (left hand) {rPois, !d}
   (You found it on level 2 of the Dungeon)
 f - a ring of fire {rF+, rC-}
   (You found it on level 8 of the Dungeon)
 l - an amulet of faith (around neck)
   (You found it on level 4 of the Dungeon)
 A - a +4 ring of protection (right hand)
   (You took it off an orc on level 8 of the Dungeon)
 W - a ring of willpower
   (You found it on level 6 of the Dungeon)
Wands
 e - a wand of charming (17)
   (You found it on level 5 of the Dungeon)
 i - a wand of iceblast (9)
   (You found it on level 6 of the Dungeon)
 y - a wand of mindburst (16)
   (You took it off a centaur on level 8 of the Dungeon)
Scrolls
 u - a scroll of poison
 v - a scroll of amnesia
 X - a scroll of magic mapping {@r4!r}
 Y - 4 scrolls of teleportation {@r3}
Potions
 j - a potion of ambrosia {unknown}
 k - a potion of invisibility {unknown}
 z - 8 potions of cancellation
 B - 2 potions of brilliance
 D - 2 potions of magic
 H - 4 potions of haste
 J - 2 potions of curing {@q1}
 M - 3 potions of might
 N - a potion of heal wounds {@q2}
 P - 3 potions of lignification {!q}
 U - 2 potions of mutation {!q}
Miscellaneous
 g - a tin of tremorstones (2/2)
   (You found it on level 9 of the Dungeon)


   Skills:
 - Level 9.0 Fighting
 - Level 1.8 Throwing
 - Level 7.9 Dodging
 - Level 2.0 Stealth
 + Level 7.0 Spellcasting
 + Level 8.6 Conjurations
 - Level 2.0 Transmutations
 + Level 7.0 Fire Magic
 - Level 3.7 Air Magic
 - Level 3.6 Poison Magic


You had 11 spell levels left.
You knew the following spells:

 Your Spells              Type           Power      Damage    Failure   Level
a - Magic Dart            Conj           100%       1d8       1%          1
b - Searing Ray           Conj           90%        2d7       1%          2
c - Ignite Poison         Fire/Tmut/Pois 26%        N/A       1%          3
d - Foxfire               Conj/Fire      100%       2x1d9     1%          1
e - Kindle Blastsparks    Fire/Tloc/Air  46%        2d13      1%          3
x - Mephitic Cloud        Conj/Pois/Air  31%        N/A       1%          3

Your spell library contained the following spells:

 Spells                   Type           Power      Damage    Failure   Level
 Momentum Strike          Conj/Tloc      52%        3d9       1%          2
 Shock                    Conj/Air       100%       1d9       1%          1
 Dazzling Flash           Conj/Hex       52%        N/A       1%          3
 Stone Arrow              Conj/Erth      52%        3d10      1%          3
 Sandblast                Erth           14%        2d6       2%          1
 Fulminant Prism          Conj/Hex       13%        3d9       4%          4
 Iskenderun's Mystic Bla  Conj/Tloc      26%        2d7       4%          4
 Swiftness                Air            24%        N/A       5%          3
 Airstrike                Air            12%        2d(2-18)  5%          4
 Irradiate                Conj/Tmut      15%        3d16      7%          5
 Apportation              Tloc           14%        N/A       9%          1
 Passwall                 Tmut/Erth      10%        N/A       9%          2
 Call Imp                 Summ           7%         N/A       12%         2
 Ensorcelled Hibernation  Hex/Ice        14%        N/A       12%         2
 Call Canine Familiar     Summ           7%         N/A       24%         3
 Ozocubu's Armour         Ice            7%         N/A       24%         3
 Portal Projectile        Hex/Tloc       14%        N/A       24%         3
 Lee's Rapid Deconstruct  Erth           3%         3d5*      47%         5
 Alistair's Intoxication  Tmut/Pois      13%        N/A       56%         5
 Anguish                  Hex/Necr       3%         N/A       63%         4
 Animate Dead             Necr           7%         N/A       63%         4
 Leda's Liquefaction      Hex/Erth       3%         N/A       63%         4
 Borgnjor's Vile Clutch   Necr/Erth      3%         N/A       92%         5
 Death Channel            Necr           3%         N/A       100%        6
 Enfeeble                 Hex            3%         N/A       100%        7
 Necromutation            Tmut/Necr      6%         N/A       100%        8
 Chain Lightning          Conj/Air       17%        3d23      100%        9
 Fire Storm               Conj/Fire      21%        8d5       100%        9
 Shatter                  Erth           3%         3d7*      100%        9


Dungeon Overview and Level Annotations

Branches:
Dungeon (10/15)            Temple (1/1) D:7             Orc (0/2) D:9
   Lair: D:8-11

Altars:
Ashenzari
Cheibriados
Dithmenos
Elyvilon
Fedhas
Gozag
Hepliaklqana
Kikubaaqudgha
Makhleb
Nemelex Xobeh
Okawaru
Ru
Sif Muna
Trog
Vehumet
Wu Jian
Xom
Zin

Shops:
D:3 (   D:5 =

Annotations:
D:4 Sigmund
D:5 exclusion: black bear


Innate Abilities, Weirdness & Mutations

You can breathe blasts of fire.
Your fiery red scales are hard. (AC +7)
You cannot fit into any form of body armour.
Your flesh is heat resistant. (rF+)
You are cold-blooded and may be slowed by cold attacks.


Message History

You now have 19/21 mp.
You conjure some foxfire!
The foxfire hits the troll!
The foxfire hits the troll. x2
You now have 18/21 mp.
You conjure some foxfire!
The foxfire hits the troll.
The foxfire hits the troll!
You now have 17/21 mp.
You conjure some foxfire!
The foxfire hits the troll.
You kill the troll!
Vehumet accepts your kill.
You feel your power returning.
Your Spellcasting skill increases to level 7!
Your Fire Magic skill increases to level 7!
You regained 2 mp, and now have 19/21 mp.
You now have 513 gold pieces (gained 11).
You pick up a book of Geomancy and begin reading...
You add the spells Sandblast and Stone Arrow to your library.
Health restored: 97; MP restored: 21 A sourceless malevolence fills the Dungeon...
You fall into a shaft and drop 1 floor!
The shaft crumbles and collapses.
You see here a +0 leather armour.
You open the door.
There is an open door here.
You now have 526 gold pieces (gained 13).
A gargoyle comes into view. It is wielding a +0 mace.
You can't see any susceptible monsters within range! (Use Z to cast anyway.)
The floor.
Okay, then.
A cloud of volatile blastsparks flares up around you!
You now have 18/21 mp.
You conjure some foxfire!
You now have 17/21 mp.
You conjure some foxfire!
The foxfire hits the gargoyle but does no damage.
The foxfire hits the gargoyle!
You now have 16/21 mp.
You conjure some foxfire!
The foxfire hits the gargoyle but does no damage. x2
You now have 15/21 mp.
You hit the gargoyle but do no damage. Your punch misses the gargoyle.
The foxfire hits the gargoyle but does no damage. x2
You hit the gargoyle but do no damage. The gargoyle misses you.
You hit the gargoyle but do no damage. The gargoyle hits you with a +0 mace!
You take 17 damage, and have 80/97 hp.
You hit the gargoyle but do no damage. The gargoyle hits you with a +0 mace!
You take 8 damage, and have 72/97 hp.
You barely miss the gargoyle. The gargoyle hits you with a +0 mace!
You take 11 damage, and have 61/97 hp.
Your +2 dagger of venom stops dripping with poison.
Your hands tingle!
b - a +3 dagger of speed (weapon)
You conjure some foxfire!
The gargoyle barely misses you.
You now have 15/21 mp.
You conjure some foxfire!
The foxfire hits the gargoyle but does no damage. x2
The gargoyle hits you with a +0 mace.
You take 3 damage, and have 59/97 hp.
You conjure some foxfire!
The foxfire hits the gargoyle.
The gargoyle hurls a stone arrow at you.
The stone arrow misses you.
You now have 14/21 mp.
You conjure some foxfire!
The foxfire hits the gargoyle. x2
The gargoyle barely misses you.
You now have 13/21 mp.
You conjure some foxfire!
The foxfire hits the gargoyle but does no damage.
The gargoyle hurls a stone arrow at you.
The stone arrow hits you!!
You take 26 damage, and have 34/97 hp.
MASSIVE DAMAGE!!
You now have 12/21 mp.
Aim: a gargoyle, wielding a +0 mace (heavily damaged, ally target, 85% to hit)
You breathe a blast of fire.
The fiery breath hits the gargoyle!
The foxfire hits the gargoyle but does no damage.
The foxfire hits the gargoyle.
The gargoyle hits you with a +0 mace.
You take 2 damage, and have 32/97 hp.
Aim: a gargoyle, wielding a +0 mace (almost destroyed, 100% to hit)
The magic dart hits the gargoyle but does no damage.
The gargoyle hurls a stone arrow at you.
The stone arrow hits you!
* * * LOW HITPOINT WARNING * * *
You take 7 damage, and have 25/97 hp.
You now have 11/21 mp.
Aim: a gargoyle, wielding a +0 mace (almost destroyed, 100% to hit)
The magic dart hits the gargoyle but does no damage.
The gargoyle misses you.
Okay, then.
Aim: a gargoyle, wielding a +0 mace (almost destroyed, 91% to hit)
The searing ray hits the gargoyle but does no damage. (Press . to maintain the ray.)
The gargoyle hurls a stone arrow at you.
The stone arrow hits you!!
* * * LOW HITPOINT WARNING * * *
You take 24 damage, and have 1/97 hp.
MASSIVE DAMAGE!!
You now have 9/21 mp.
The searing ray hits the gargoyle but does no damage.
The gargoyle hurls a stone arrow at you.
The stone arrow hits you!!
You die...

#.......#
#.......#
#.....#.#
#.....#.#
#.....#.#
#.....#.#
#.... #.#
#.....#.#
#.○...9@#
#.......#
#........
#...###..#
#... #..#
#.. #..#
#. ...#
...#


You could see a gargoyle.

Vanquished Creatures
  3 two-headed ogres
  Pikel (D:7)
  Psyche (D:8)
  A troll (D:10)
  12 yaks
  A wyvern (D:9)
  3 steam dragons
  3 acid dragons
  A water moccasin (D:7)
  An ice beast (D:8)
  3 orc warriors
  A swamp drake (D:9)
  2 ogres
  4 centaurs
  A phantom (D:6)
  2 kobold brigands
  4 bullfrogs
  2 gnoll sergeants
  5 scorpions
  7 wights
  42 killer bees
  4 howler monkeys
  3 hounds
  7 orc priests
  A gnoll bouda (D:6)
  An iguana (D:7)
  Natasha (thrice) (D:4)
  7 orc wizards
  5 adders
  12 gnolls
  A white imp (D:5)
  A worm (D:3)
  42 orcs
  3 ball pythons
  4 endoplasms
  2 giant cockroaches
  8 goblins
  13 hobgoblins
  2 jackals (D:1)
  2 quokkas
  3 bats
  4 frilled lizards
  9 kobolds
  4 rats
241 creatures vanquished.

Vanquished Creatures (others)
  An orc warrior (D:9)
  198 foxfires
199 creatures vanquished.

Grand Total: 440 creatures vanquished

Notes
Turn   | Place    | Note
-------+----------+-------------------------------------------
     0 | D:1      | Firecrotchwizard the Draconian Conjurer began the quest for
                  | the Orb.
     0 | D:1      | Reached XP level 1. HP: 14/14 MP: 3/3
   433 | D:1      | Reached skill level 2 in Stealth
   458 | D:1      | Reached skill level 2 in Dodging
   458 | D:1      | Reached XP level 2. HP: 20/20 MP: 3/5
   461 | D:1      | Learned a level 2 spell: Searing Ray
   996 | D:2      | Reached XP level 3. HP: 25/26 MP: 6/6
  1000 | D:2      | Learned a level 3 spell: Mephitic Cloud
  1818 | D:2      | Found a faded altar of an unknown god.
  2007 | D:3      | Found a blossoming altar of Fedhas.
  2008 | D:3      | Noticed a scorpion
  2017 | D:3      | Killed a scorpion
  2018 | D:3      | Reached skill level 1 in Throwing
  2018 | D:3      | Reached skill level 5 in Conjurations
  2018 | D:3      | Reached skill level 1 in Air Magic
  2018 | D:3      | Reached skill level 1 in Poison Magic
  2018 | D:3      | Reached XP level 4. HP: 33/33 MP: 2/8
  2142 | D:3      | Found Uheg's Weapon Shop.
  2543 | D:3      | Reached XP level 5. HP: 38/38 MP: 9/9
  3053 | D:4      | Noticed Natasha
  3054 | D:4      | Killed Natasha
  3158 | D:4      | Noticed an ogre
  3166 | D:4      | Killed an ogre
  3167 | D:4      | Reached skill level 3 in Spellcasting
  3167 | D:4      | Reached XP level 6. HP: 45/45 MP: 0/10
  3208 | D:4      | Noticed Natasha
  3227 | D:4      | Killed Natasha
  3294 | D:4      | Noticed Natasha
  3297 | D:4      | Killed Natasha
  3298 | D:4      | Reached skill level 2 in Poison Magic
  3521 | D:4      | Noticed Sigmund
  3641 | D:4      | Reached skill level 2 in Air Magic
  4257 | D:5      | Entered Level 5 of the Dungeon
  4328 | D:5      | Reached skill level 6 in Conjurations
  4328 | D:5      | Your scales start taking on a fiery red colour.
  4328 | D:5      | Reached XP level 7. HP: 34/50 MP: 7/12
  4328 | D:5      | Gained mutation: Your flesh is heat resistant. (rF+) [Red
                  | Draconian growth]
  4711 | D:5      | Found Mamaniuz's Jewellery Shop.
  5270 | D:6      | Reached skill level 3 in Poison Magic
  5307 | D:6      | Reached skill level 3 in Air Magic
  5381 | D:6      | Reached skill level 4 in Spellcasting
  5461 | D:6      | Noticed a yak
  5474 | D:6      | Noticed a yak
  5476 | D:6      | Noticed a yak
  5550 | D:5      | Killed a yak
  5551 | D:5      | Reached skill level 7 in Conjurations
  5718 | D:6      | Reached XP level 8. HP: 57/57 MP: 9/14
  6025 | D:6      | Reached skill level 8 in Conjurations
  6114 | D:6      | Reached skill level 1 in Fighting
  6119 | D:6      | Reached skill level 2 in Fighting
  6119 | D:6      | Reached skill level 3 in Dodging
  6376 | D:6      | Reached skill level 3 in Fighting
  6497 | D:6      | Found an ornate altar of the Wu Jian Council.
  6590 | D:7      | Found a bloodstained altar of Trog.
  6671 | D:7      | Found a shimmering altar of Xom.
  6671 | D:7      | Found a glowing silver altar of Zin.
  6677 | D:7      | Got Jubareix's Excursus on Changed Firn
  6684 | D:7      | Learned a level 3 spell: Ignite Poison
  6742 | D:7      | Found a staircase to the Ecumenical Temple.
  6764 | D:7      | Reached skill level 1 in Fire Magic
  6767 | D:7      | Reached skill level 4 in Fighting
  6767 | D:7      | Reached skill level 4 in Dodging
  6798 | D:7      | Reached skill level 2 in Fire Magic
  6798 | D:7      | Reached XP level 9. HP: 62/71 MP: 7/16
  7006 | D:7      | HP: 18/72 [orc warrior/+0 hand axe (6)]
  7011 | D:7      | Reached skill level 3 in Fire Magic
  7553 | D:7      | Reached skill level 5 in Fighting
  7572 | D:7      | Noticed Pikel
  7590 | D:7      | Killed Pikel
  7591 | D:7      | Reached skill level 5 in Dodging
  7591 | D:7      | Reached skill level 4 in Fire Magic
  7607 | Temple   | Entered the Ecumenical Temple
  7667 | Temple   | Became a worshipper of Vehumet
  8345 | D:8      | Reached skill level 6 in Fighting
  8413 | D:8      | Reached skill level 6 in Dodging
  8509 | D:8      | Reached skill level 7 in Fighting
  8606 | D:8      | HP: 13/79 [killer bee (7)]
  8615 | D:8      | HP: 6/79 [steam dragon/ball of steam (6)]
  8866 | D:8      | Reached skill level 5 in Spellcasting
  8866 | D:8      | Reached XP level 10. HP: 74/86 MP: 7/17
  8970 | D:8      | Reached * piety under Vehumet
  8970 | D:8      | Offered knowledge of Foxfire by Vehumet.
  9296 | D:8      | Learned a level 1 spell: Foxfire
  9308 | D:8      | Noticed Psyche
  9315 | D:8      | Killed Psyche
  9575 | D:8      | Reached skill level 7 in Dodging
  9754 | D:8      | Reached skill level 8 in Fighting
 10067 | D:8      | Noticed an elephant
 10105 | D:8      | Found an opulent altar of Gozag.
 10114 | D:8      | Found an iron altar of Okawaru.
 10393 | D:8      | Reached skill level 6 in Spellcasting
 10709 | D:9      | Reached ** piety under Vehumet
 10712 | D:9      | Offered knowledge of Kiss of Death by Vehumet.
 10713 | D:9      | Reached skill level 5 in Fire Magic
 11022 | D:9      | Noticed a two-headed ogre
 11362 | D:9      | Reached skill level 9 in Fighting
 11490 | D:9      | Killed a two-headed ogre
 11803 | D:9      | Reached XP level 11. HP: 85/97 MP: 14/20
 11927 | D:9      | Found a staircase to the Orcish Mines.
 11931 | D:9      | Offered knowledge of Momentum Strike by Vehumet.
 12047 | D:9      | Reached skill level 6 in Fire Magic
 12181 | D:9      | Reached skill level 1 in Transmutations
 12484 | D:10     | Entered Level 10 of the Dungeon
 12562 | D:10     | HP: 18/97 [acid dragon/splash of acid (13)]
 12567 | D:10     | HP: 2/97 [acid dragon (10)]
 12894 | D:10     | Reached *** piety under Vehumet
 13088 | D:10     | Noticed a two-headed ogre
 13088 | D:10     | Found the +15 Maxwell's patent armour {-Cast -Tele rElec
                  | Will+ rCorr}
 13099 | D:10     | Killed a two-headed ogre
 13100 | D:10     | Reached skill level 2 in Transmutations
 13226 | D:10     | Learned a level 3 spell: Kindle Blastsparks
 13377 | D:10     | Noticed a two-headed ogre
 13387 | D:10     | Killed a two-headed ogre
 13453 | D:10     | Reached skill level 7 in Spellcasting
 13453 | D:10     | Reached skill level 7 in Fire Magic
 13528 | D:10     | You fall into a shaft and drop 1 floor!
 13605 | D:11     | HP: 1/97 [gargoyle/stone arrow (24)]
 13606 | D:11     | Killed from afar by a gargoyle

Illustrated notes

Levels and vault maps discovered:
D:1:      minmay_arrival_widening_spiral_narrow, layout_basic
D:2:      layout_loops_ring, shapermc_ecumenical_altar_mp_highgroup,
          minmay_misc_feat_rows, kennysheep_generic_room_15
D:3:      layout_loops_ring, mainiacjoe_overflow_brackets, serial_shops, shop
D:4:      layout_basic, uniq_natasha, uniq_sigmund
D:5:      layout_loops_ring, serial_shops, nicolae_shop_advertising_works
          [nicolae_subvault_shop_adworks], dk_vineyard_1
D:6:      layout_loops_ring, mainiacjoe_overflow_alcove_4, st_stairs_6
D:7:      layout_rooms, grunt_temple_overflow_open, minmay_temple_entry_tees,
          uniq_pikel
D:8:      wad_woods_minihive, layout_gridville, amethyst_overflow_temple_binary,
          uniq_psyche
D:9:      layout_rooms, erik_orc_1
D:10:     layout_cave_pods, mainiacjoe_overflow_boulevard,
          dreamdust_deal_with_the_devil
D:11:     layout_stronghold, dpeg_oklobed_lair, bh_walls_and_bars
Temple:   eino_temple_lava

Skill      XL: |  1  2  3  4  5  6  7  8  9 10 11 |
---------------+----------------------------------+-----
Stealth        | 2 |  2.0
Dodging        | 2 4 6 7 |  7.9
Throwing       | 1 |  1.8
Conjurations   | 5 6 7 8 |  8.6
Air Magic      | 1 2 3 |  3.7
Poison Magic   | 1 2 3 |  3.6
Spellcasting   | 3 4 5 6 7 |  7.0
Fighting       | 4 7 9 |  9.0
Fire Magic     | 2 4 5 7 |  7.0
Transmutations | 2 |  2.0

Action                     |  1- 3 |  4- 6 |  7- 9 | 10-12 || total
---------------------------+-------+-------+-------+-------++-------
  Melee: Unarmed           |     7 |       |       |       ||     7
         Club              |     1 |       |       |       ||     1
         Dagger            |   116 |    64 |   210 |   217 ||   607
         Tailslap          |    14 |    12 |    26 |    22 ||    74
         Punch             |       |     1 |     1 |     3 ||     5
  Throw: Stone             |    11 |    20 |    10 |       ||    41
   Cast: Magic Dart        |    20 |    38 |    78 |   104 ||   240
         Searing Ray       |     1 |     8 |    32 |    28 ||    69
         Mephitic Cloud    |       |       |     2 |       ||     2
         Foxfire           |       |       |       |   110 ||   110
         Kindle Blastspark |       |       |       |     2 ||     2
Ability: Breathe Fire      |       |       |     1 |     4 ||     5
  Evoke: Wand              |       |       |       |     6 ||     6
    Use: Scroll            |       |     9 |     5 |     7 ||    21
         Potion            |       |       |     5 |     1 ||     6
   Stab: Sleeping          |     4 |     1 |     1 |       ||     6
         Confused          |       |       |     1 |       ||     1
 Armour: Skin              |    37 |    22 |    99 |   108 ||   266
  Dodge: Dodged            |    62 |    33 |   229 |   269 ||   593

Table legend: (Time is in decaauts)
 A = Elapsed time spent in this place.
 B = Non-inter-level travel time spent in this place.
 C = Inter-level travel time spent in this place.
 D = Time resting spent in this place.
 E = Time spent auto-exploring this place.
 F = Levels seen in this place.
 G = Mean time per level.
                   A        B        C        D        E       F      G
               +--------+--------+--------+--------+--------+-----+--------+
         Total |  13541 |  12700 |    841 |   3985 |   6767 |  12 | 1128.4 |
       Dungeon |  13471 |  12645 |    826 |   3985 |   6724 |  11 | 1224.6 |
        Temple |     69 |     54 |     15 |      0 |     43 |   1 |   69.0 |
               +--------+--------+--------+--------+--------+-----+--------+

Top non-repeatable levels by time:
     D:8: 2913 daAuts
     D:9: 1595 daAuts
     D:4: 1346 daAuts
     D:5: 1328 daAuts
     D:7: 1140 daAuts
     D:6: 1081 daAuts
     D:3: 1073 daAuts
    D:10: 1046 daAuts
     D:1: 977 daAuts
     D:2: 891 daAuts
    D:11: 77 daAuts
  Temple: 69 daAuts

Table legend:
 A = Kills in this place as a percentage of kills in entire the game.
 B = Kills by you in this place as a percentage of kills by you in the entire game.
 C = Kills by friends in this place as a percentage of kills by friends in the entire game.
 D = Other kills in this place as a percentage of other kills in the entire game.
 E = Experience gained in this place as a percentage of experience gained in the entire game.
 F = Experience gained in this place divided by the number of levels of this place that you have seen.
                   A       B       C       D       E      F
               +-------+-------+-------+-------+-------+----------------------
         Total | 100.0 | 100.0 |   N/A | 100.0 | 100.0 | 1253.8
       Dungeon | 100.0 | 100.0 |   N/A | 100.0 | 100.0 | 1367.7
               +-------+-------+-------+-------+-------+----------------------
